 Dungeon Crawl Stone Soup version 0.30.0-20-g3615ddf2f0 (webtiles) character file.

Game seed: 12696442111782346832

130 qw the Shield-Bearer (level 5, -1/32 HPs)
             Began as a Gargoyle Fighter on May 27, 2023.
             Slain by a gnoll
             ... wielding a +0 flail
              (9 damage)
             ... on level 3 of the Dungeon.
             The game lasted 00:01:10 (2154 turns).

qw the Shield-Bearer (Gargoyle Fighter)             Turns: 2154, Time: 00:01:10

Health: -1/32      AC: 10    Str: 22    XL:     5   Next: 13%
Magic:  5/5        EV:  8    Int:  8    God:
Gold:   144        SH:  8    Dex:  9    Spells: 4/4 levels left

rFire   . . .        h - +0 war axe (vamp)
rCold   . . .        i - +0 kite shield
rNeg    + . .        b - +0 scale mail
rPois   inf          (no helmet)
rElec   +            (no cloak)
rCorr   .            (no gloves)
SInv    .            (no boots)
Will    .....        (no amulet) Stlth
                     (no ring)
HPRegen 0.25/turn    (no ring)
MPRegen 0.09/turn

%: no passive effects
@: no status effects
A: sickness immunity, AC +4, negative energy resistance 1, electricity
resistance, torment resistance 1, petrification resistance
a: no special abilities


You were on level 3 of the Dungeon.
You visited 1 branch of the dungeon, and saw 3 of its levels.

You collected 144 gold pieces.


Innate Abilities, Weirdness & Mutations

You are immune to sickness and miasma.
Your stone body is resilient. (AC +4)
You are immune to poison.
You resist negative energy. (rN+)
You are resistant to electric shocks. (rElec)
You are resistant to unholy torment.
You are immune to petrification.


   Skills:
 - Level 3.2 Fighting
 - Level 4.1 Axes
 - Level 3.2 Armour
 + Level 4.2 Shields


You had 4 spell levels left.
You didn't know any spells.
Your spell library was empty.

Inventory:

Hand Weapons
 h - a +0 vampiric war axe (weapon)
 m - a +0 flail
Armour
 b - a +0 scale mail (worn)
 i - a +0 kite shield (worn)
Jewellery
 c - an amulet of guardian spirit
Scrolls
 o - a scroll of magic mapping {unknown}
 Y - a scroll of identify
Potions
 a - a potion of lignification {unknown}
 d - a potion of might
 e - 2 potions of curing
 f - a potion of resistance {unknown}
 g - 3 potions of degeneration {unknown}
 j - a potion of heal wounds
 k - a potion of attraction {unknown}
 l - a potion of flight {unknown}
 n - a potion of brilliance {unknown}

Dungeon Overview and Level Annotations

Branches:
Dungeon (3/15)

Altars:


Message History

The adder hisses angrily.
A gnoll comes into view. It is wielding a +0 spear.
Enter note:
2142 ||| Stepping ~*~*~tactically~*~*~ (stealth).
A gnoll comes into view. It is wielding a +0 halberd.
The gnoll shouts! x2
A gnoll comes into view. It is wielding a +0 flail.
2144 ||| Stepping ~*~*~tactically~*~*~ (hiding).
You miss the adder. The adder barely misses you. You block the adder's attack.
You barely miss the adder. You block the adder's attack.
The adder bites you but does no damage.
You barely miss the adder. You block the adder's attack.
The adder bites you but does no damage.
You barely miss the adder.
The gnoll shouts!
The adder bites you. The adder completely misses you.
You hit the adder.
The adder is severely wounded.
You block the adder's attack. x2
The gnoll hits you from afar with a +0 halberd.
You miss the adder.
The adder is severely wounded.
The adder barely misses you.
The gnoll hits you from afar with a +0 halberd.
You block the adder's attack.
You slash the adder!
You feel better.
You kill the adder!
The gnoll hits you from afar with a +0 halberd.
You slash the gnoll!
You feel better.
The gnoll is severely wounded.
The gnoll closely misses you. The gnoll hits you with a +0 flail.
The gnoll hits you but does no damage.
The gnoll hits you from afar with a +0 halberd!
You block the gnoll's attack. The gnoll closely misses you.
You closely miss the gnoll.
The gnoll is severely wounded.
The gnoll hits you from afar with a +0 halberd.
The gnoll hits you with a +0 flail!
You die...

#..#.# #..#.#
############..#.#
..............#.#
##.##....###.#.#
#.##....##..#.#
#.......##..#)#
#########.......##.#####.
......gg@.......)%|......
##....g#######...#######.
#..... #.......# #.....
#.......# #$....
##......# #...>. #.<....#
##..g. #......## #..gg
#..##...# ###..####%###


You could see 3 gnolls.

Vanquished Creatures
  An orc priest (D:3)
  A gnoll (D:1)
  2 adders
  A worm (D:2)
  4 dart slugs
  3 orcs (D:3)
  5 endoplasms
  2 giant cockroaches (D:1)
  8 hobgoblins
  2 quokkas
  5 ball pythons
  6 bats
  4 frilled lizards
  5 goblins
  7 kobolds
  3 rats (D:1)
59 creatures vanquished.

Notes
Turn   | Place    | Note
-------+----------+-------------------------------------------
     0 | D:1      | qw the Gargoyle Fighter began the quest for the Orb.
     0 | D:1      | Reached XP level 1. HP: 14/14 MP: 1/1
     0 | D:1      | 0 ||| qw: Version: 0.2-a-99-gce666ed
     0 | D:1      | 0 ||| qw: Game counter: 164
     0 | D:1      | 0 ||| qw: Always use a shield: true
     0 | D:1      | 0 ||| qw: God list: Okawaru
     0 | D:1      | 0 ||| qw: Allow faded altars: false
     0 | D:1      | 0 ||| qw: Do Orc after D:15 true
     0 | D:1      | 0 ||| qw: Do second Lair branch before Depths: true
     0 | D:1      | 0 ||| qw: Lair rune preference: random
     0 | D:1      | 0 ||| qw: Plans: Normal, Zot:1-4, God:TSO, Crypt, Tomb,
                  | Pan, Slime:5, Hells, Abyss, Win
     0 | D:1      | 0 ||| PLANNING D:1-11
    65 | D:1      | Reached XP level 2. HP: 19/19 MP: 2/2
   279 | D:1      | Reached skill level 3 in Axes
   279 | D:1      | Reached XP level 3. HP: 16/23 MP: 3/3
   312 | D:1      | 312 ||| DROPPING +0 club.
   469 | D:1      | 469 ||| DROPPING +0 whip.
   866 | D:1      | 866 ||| READING 3 scrolls labelled SAASER FOORAF.
   882 | D:1      | 882 ||| READING scroll labelled URCHIBB HOMAU.
   983 | D:1      | 983 ||| DRINKING 2 metallic inky potions.
   984 | D:1      | 984 ||| DROPPING 2 scrolls of torment.
  1338 | D:2      | Reached XP level 4. HP: 28/28 MP: 4/4
  1635 | D:2      | 1635 ||| Stepping ~*~*~tactically~*~*~ (hiding).
  1636 | D:2      | 1636 ||| Stepping ~*~*~tactically~*~*~ (hiding).
  1647 | D:2      | 1647 ||| Stepping ~*~*~tactically~*~*~ (stealth).
  1648 | D:2      | 1648 ||| Stepping ~*~*~tactically~*~*~ (stealth).
  1676 | D:2      | 1676 ||| Stepping ~*~*~tactically~*~*~ (stealth).
  1695 | D:2      | 1695 ||| Stepping ~*~*~tactically~*~*~ (stealth).
  1867 | D:2      | 1867 ||| Stepping ~*~*~tactically~*~*~ (hiding).
  1880 | D:2      | 1880 ||| UPGRADING to +0 kite shield.
  1890 | D:2      | 1890 ||| DROPPING +0 buckler.
  1891 | D:2      | 1891 ||| READING scroll labelled WECIMY VOUS.
  1892 | D:2      | 1892 ||| READING 2 scrolls labelled ZUIMAN XELUMEN.
  1893 | D:2      | 1893 ||| DRINKING 2 white potions.
  1940 | D:3      | 1940 ||| Stepping ~*~*~tactically~*~*~ (stealth).
  1945 | D:3      | 1945 ||| Stepping ~*~*~tactically~*~*~ (stealth).
  1958 | D:3      | Reached XP level 5. HP: 32/32 MP: 5/5
  2032 | D:3      | 2032 ||| Stepping ~*~*~tactically~*~*~ (hiding).
  2092 | D:3      | 2092 ||| Stepping ~*~*~tactically~*~*~ (stealth).
  2093 | D:3      | 2093 ||| Stepping ~*~*~tactically~*~*~ (stealth).
  2142 | D:3      | 2142 ||| Stepping ~*~*~tactically~*~*~ (stealth).
  2144 | D:3      | 2144 ||| Stepping ~*~*~tactically~*~*~ (hiding).
  2154 | D:3      | HP: 8/32 [gnoll/+0 halberd (1)]
  2154 | D:3      | Slain by a gnoll

Levels and vault maps discovered:
D:1:      eino_arrival_tree_alley, layout_loops_ring
D:2:      layout_loops_ring, chequers_serial_rivers_large_b,
          palyth_stone_intersect, minmay_surrounded
D:3:      layout_basic, chequers_ecumenical_altar_grove

Skill      XL: |  1  2  3  4 |
---------------+-------------+-----
Axes           | 2 3 4 |  4.1
Shields        | 4 |  4.2
Fighting       | |  3.2
Armour         | |  3.2

Action                     |  1- 3 |  4- 6 || total
---------------------------+-------+-------++-------
  Melee: War axe           |   113 |    74 ||   187
    Use: Scroll            |     2 |     2 ||     4
         Potion            |     1 |     1 ||     2
 Armour: Scale mail        |    49 |    27 ||    76
  Dodge: Dodged            |    60 |    32 ||    92
  Block: Buckler           |    11 |     9 ||    20
         Kite shield       |       |    15 ||    15

Table legend:
 A = Non-vault XP
 B = Vault XP
 C = Vault XP percentage of total XP
 D = Non-vault monster count
 E = Vault monster count
 F = Vault count percentage of total count
                 A         B        C        D         E       F
            +---------+---------+-------+---------+---------+-------
      Total |     177 |       9 |   4.8 |      55 |       4 |   6.8
            +---------+---------+-------+---------+---------+-------
        D:1 |      58 |       0 |   0.0 |      24 |       0 |   0.0
        D:2 |      47 |       9 |  16.1 |      20 |       4 |  16.7
        D:3 |      72 |       0 |   0.0 |      11 |       0 |   0.0
            +---------+---------+-------+---------+---------+-------
